 Dungeon Crawl Stone Soup version 0.21.1-1-g345015f (webtiles) character file.

41199 inc the Ripper (level 13, 0/97 HPs)
             Began as a Felid Monk on Mar 5, 2018.
             Was an Elder of Elyvilon.
             Slain by a five-headed hydra (14 damage)
             ... summoned by Bai Suzhen
             ... on level 3 of the Swamp.
             The game lasted 01:21:46 (33084 turns).

inc the Ripper (Felid Monk)                        Turns: 33084, Time: 01:21:47

Health: 0/97       AC:  3    Str: 10    XL:     13   Next: 78%
Magic:  20/20      EV: 32    Int: 25    God:    Elyvilon [****..]
Gold:   1117       SH:  0    Dex: 24    Spells: 1/12 levels left
                                        Lives:  0   Deaths: 2

rFire    . . .     SeeInvis +     - Unarmed
rCold    + . .     Gourm    .   (shield unavailable)
rNeg     . . .     Faith    .   (armour unavailable)
rPois    +         Spirit   .   (helmet unavailable)
rElec    .         Reflect  .   (cloak unavailable)
rCorr    .         Harm     .   (gloves unavailable)
MR       +....                  (boots unavailable)
Stlth    ..........             l - amulet of rage
HPRegen  0.26/turn              p - ring "Quinleb" {Fire rPois Dex+2 Slay+3}
MPRegen  0.17/turn              K - ring of Discretion {Ice Str-2 Int+7 Dex+3 Slay+2}

@: berserking, very quick
A: very small, no armour, no weapons or thrown items, stealth, claws 1, fangs 3,
see invisible, carnivore, clever 1, speed 1, shaggy fur 3, slow metabolism 1,
sharp paws
a: Lesser Healing, Heal Other, Purification, Greater Healing, Divine Protection,
Renounce Religion, Evoke Berserk Rage


You were on level 3 of the Swamp.
You worshipped Elyvilon.
Elyvilon was greatly pleased with you.
You were hungry.

You visited 4 branches of the dungeon, and saw 26 of its levels.
You also visited: Labyrinth and Ossuary.

You collected 2071 gold pieces.
You spent 954 gold pieces at shops.

Inventory:

Jewellery
 i - the ring of Wavimo Zont {rElec rPois rN+ Int+3 SInv}
   (You found it on level 1 of the Swamp)

   [ring of see invisible]

   It affects your intelligence (+3).
   It insulates you from electricity.
   It protects you from poison.
   It protects you from negative energy.
   It lets you see invisible.
 l - an amulet of rage (around neck)
 p - the ring "Quinleb" (left paw) {Fire rPois Dex+2 Slay+3}
   (You bought it in a shop on level 1 of the Orcish Mines)

   [ring of fire]

   It enhances your fire magic.
   It affects your dexterity (+2).
   It affects your accuracy and damage with ranged weapons and melee attacks
   (+3).
   It protects you from fire.
   It makes you vulnerable to cold.
   It protects you from poison.
 y - an uncursed ring of protection from fire
 z - an uncursed ring of teleportation
 D - a +3 ring of dexterity
 F - an uncursed ring of protection from cold
 K - the ring of Discretion (right paw) {Ice Str-2 Int+7 Dex+3 Slay+2}
   (You found it in a labyrinth)

   [ring of ice]

   It enhances your ice magic.
   It affects your strength (-2).
   It affects your intelligence (+7).
   It affects your dexterity (+3).
   It affects your accuracy and damage with ranged weapons and melee attacks
   (+2).
   It makes you vulnerable to fire.
   It protects you from cold.
 O - an uncursed amulet of guardian spirit {unknown}
 T - an uncursed amulet of harm {unknown}
 V - an uncursed ring of flight
Wands
 C - a wand of iceblast (9)
 I - a wand of acid (5)
 S - a wand of digging (13)
Scrolls
 c - 6 scrolls of teleportation
 e - 14 scrolls of remove curse
 g - 4 scrolls of magic mapping
 q - 4 scrolls of amnesia
 u - 4 scrolls of blinking
 x - 2 scrolls of silence
 A - a scroll of identify
 E - 3 scrolls of fog
Potions
 b - a potion of might
 f - 7 potions of lignification
 h - a potion of magic
 j - 5 potions of haste
 k - a potion of invisibility
 m - 4 potions of brilliance
 n - 7 potions of heal wounds
 o - 4 potions of agility
 r - a potion of cancellation
 t - 11 potions of curing
 w - 5 potions of flight
 B - a potion of resistance
 W - a potion of ambrosia
Books
 d - a book of Summonings

   Spells                             Type                      Level
   a - Recall                         Summoning/Translocation      3
   b - Aura of Abjuration             Summoning                    5
   c - Summon Demon                   Summoning                    5
   d - Summon Forest                  Summoning/Translocation      5
   e - Summon Mana Viper              Hexes/Summoning              5
   f - Shadow Creatures               Summoning                    6
 s - a book of Maledictions

   Spells                             Type                      Level
   a - Corona                         Hexes                        1
   b - Ensorcelled Hibernation        Hexes/Ice                    2
   c - Confuse                        Hexes                        3
   d - Tukima's Dance                 Hexes                        3
   e - Dazzling Spray                 Conjuration/Hexes            3
 J - the Volume of Unholy Rituals and Dislocation
   (You found it on level 13 of the Dungeon)

   Spells                             Type                      Level
   a - Pain                           Necromancy                   1
   b - Recall                         Summoning/Translocation      3
   c - Excruciating Wounds            Charms/Necromancy            5
   d - Dispel Undead                  Necromancy                   5
   e - Simulacrum                     Ice/Necromancy               6
 L - a book of Annihilations

   Spells                             Type                      Level
   a - Poison Arrow                   Conjuration/Poison           6
   b - Chain Lightning                Conjuration/Air              8
   c - Lehudib's Crystal Spear        Conjuration/Earth            8
   d - Glaciate                       Conjuration/Ice              9
   e - Fire Storm                     Conjuration/Fire             9
 P - a book of Minor Magic

   Spells                             Type                      Level
   a - Magic Dart                     Conjuration                  1
   b - Blink                          Translocation                2
   c - Call Imp                       Summoning                    2
   d - Slow                           Hexes                        2
   e - Conjure Flame                  Conjuration/Fire             3
   f - Mephitic Cloud                 Conjuration/Poison/Air       3
 R - a book of Enchantments

   Spells                             Type                      Level
   a - Cause Fear                     Hexes                        4
   b - Yara's Violent Unravelling     Hexes/Transmutation          5
   c - Silence                        Hexes/Air                    5
   d - Deflect Missiles               Charms/Air                   6
   e - Discord                        Hexes                        8
 Y - a book of Spatial Translocations

   Spells                             Type                      Level
   a - Blink                          Translocation                2
   b - Shroud of Golubria             Charms/Translocation         2
   c - Lesser Beckoning               Translocation                3
   d - Gell's Gravitas                Translocation                3
   e - Teleport Other                 Translocation                3
   f - Passage of Golubria            Translocation                4
Miscellaneous
 v - a box of beasts
 M - a lamp of fire
Comestibles
 a - 37 rations


   Skills:
 - Level 12.6 Fighting
 + Level 12.5 Dodging
 - Level 6.0 Stealth
 - Level 18.9 Unarmed Combat
 - Level 6.6 Summonings
 - Level 10.9 Translocations
 - Level 8.6 Invocations
 - Level 5.8 Evocations


You had one spell level left.
You knew the following spells:

 Your Spells              Type           Power        Failure   Level  Hunger
a - Blink                 Tloc           N/A          1%          2    ###....
b - Passage of Golubria   Tloc           N/A          1%          4    #####..
c - Summon Forest         Summ/Tloc      #####.....   11%         5    ######.


Dungeon Overview and Level Annotations

Branches:
Dungeon (15/15)            Temple (0/1) D:7            Lair (6/6) D:8
  Swamp (3/4) Lair:2       Spider (0/4) Lair:2        Slime (0/5) Lair:6
    Orc (2/2) D:11            Elf (0/3) Orc:2        Vaults (0/5) D:14
 Depths: D:15

Altars:
Cheibriados
Dithmenos
Elyvilon
Fedhas
Kikubaaqudgha
Makhleb
Okawaru
Qazlal
Sif Muna
Trog
Uskayaw
Vehumet
Xom
Yredelemnul
Zin
Beogh

Shops:
Orc:1 =   Orc:2 :([%

Annotations:
D:6 letownia2's ghost, novice TeWz
D:14 1 runed door, exclusion: orange crystal statue
Lair:2 Anonimus's ghost, journeyman GnFi
Lair:6 exclusion: 3 oklob plants
Swamp:1 letownia2's ghost, journeyman TeCj
Swamp:3 Bai Suzhen


Innate Abilities, Weirdness & Mutations

You cannot wear armour.
You are incapable of wielding weapons or throwing items.
Your paws allow you to move quietly. (Stealth)
You have sharp claws.
You have razor-sharp teeth.
You have supernaturally acute eyesight. (SInv)
You are carnivorous and can eat meat at any time.
You cover ground quickly.
Your thick and shaggy fur keeps you warm. (AC +3, rC+)
You have a slow metabolism.
Your sharp claws are effective at attacking unaware monsters.
Your mind is acute. (Int +2)


Message History

You mangle Bai Suzhen!!
Bai Suzhen is almost dead.
The five-headed hydra bites you!
* * * LOW HITPOINT WARNING * * *
The five-headed hydra completely misses you. x2
The five-headed hydra barely misses you.
The five-headed hydra misses you.
You mangle Bai Suzhen!!
Bai Suzhen is almost dead.
Bai Suzhen misses you. x2; Bai Suzhen barely misses you.
The four-headed hydra completely misses you.
The four-headed hydra bites you!
* * * LOW HITPOINT WARNING * * *
The four-headed hydra completely misses you. x2
You scratch Bai Suzhen but do no damage.
Bai Suzhen is almost dead.
You are standing in a thunderstorm.
The five-headed hydra is struck by lightning.
The five-headed hydra bites you!
You die...

♣≈♣≈.♣♣ ..≈≈.. ...≈.♣♣♣♣
♣♣≈....... ♣.....≈≈≈.
≈....≈≈≈. ♣♣♣♣ ♣§§$.≈≈≈.
♣♣..♣ ♣DD≈.≈≈≈. ♣..≈♣
♣♣@§≈.≈≈≈≈ ♣♣..♣♣
♣♣D.♣♣≈.... ♣♣♣ ♣....♣
♣♣.≈≈.♣..≈≈≈
...♣♣♣...♣♣♣♣..≈≈≈..≈≈≈≈
≈≈.§♣.≈≈≈.§♣♣..≈≈≈..≈≈≈≈
....≈.≈≈≈≈.≈♣..≈≈≈.....≈
≈≈.....≈≈§..♣...≈...♣♣♣
≈≈≈≈...≈≈≈≈≈.≈....≈≈♣
≈≈≈≈≈≈.≈.≈≈≈≈≈≈...≈♣♣


You could see Bai Suzhen, a five-headed hydra and a four-headed hydra.

Vanquished Creatures
  Rupert (D:14)
  An orc warlord (Orc:2)
  An ettin (Orc:2)
  A minotaur (Lab)
  Harold (Lair:4)
  8 vault guards (D:14)
  9 hydras
  2 centaur warriors (D:14)
  8 alligators
  3 two-headed ogres
  2 orc high priests (Orc:2)
  A spriggan druid (Swamp:2)
  A shambling mangrove (Swamp:2)
  5 orc knights
  A lindwurm (Lair:6)
  3 unseen horrors
  4 swamp dragons (Swamp:1)
  3 orc sorcerers (Orc:2)
  2 deep elf magi
  7 ugly things
  Maurice (Orc:1)
  4 black mambas
  A centaur zombie (D:12)
  2 gargoyles
  A torpor snail (Lair:6)
  2 kobold demonologists (D:11)
  12 spiny frogs
  A rime drake (Lair:2)
  4 komodo dragons
  A freezing wraith (D:14)
  4 trolls
  A queen bee (shapeshifter) (D:13)
  9 hornets
  A merfolk (D:13)
  3 tyrant leeches
  12 slime creatures
  10 blink frogs
  A bog body (Swamp:3)
  5 hippogriffs
  4 dream sheep (Lair:6)
  12 spriggans
  2 shadows
  2 vampires
  2 wyverns
  Grum (D:11)
  Eustachio (D:5)
  2 wraiths
  19 yaks
  13 vampire mosquitoes
  A steam dragon (D:14)
  4 basilisks
  2 humans (D:9)
  A hungry ghost (D:14)
  Edmund (D:5)
  4 wargs
  11 insubstantial wisps (Swamp:1)
  12 swamp worms
  A soldier ant (D:14)
  An acid dragon (D:15)
  9 water moccasins
  6 porcupines
  26 orc warriors
  6 sky beasts
  2 black bears
  5 swamp drakes
  3 phantoms
  A necrophage (D:12)
  4 ice beasts
  An eye of draining (D:11)
  9 ogres
  6 centaurs
  7 wolves
  4 crocodiles
  2 big kobolds (D:11)
  Blork the orc (D:6)
  13 bullfrogs
  A gnoll sergeant (D:11)
  3 water moccasin zombies (Ossuary)
  A wyvern skeleton (D:9)
  A scorpion (D:12)
  14 killer bees
  3 wights (D:7)
  5 howler monkeys
  3 bullfrog zombies
  6 crimson imps
  26 orc priests
  3 quasits
  3 hounds
  A jelly (D:10)
  3 bullfrog skeletons
  37 orc wizards
  6 centaur skeletons
  Natasha (D:2)
  7 hell rats (Lair:2)
  13 worker ants
  A big kobold zombie (Ossuary)
  A hound zombie (D:5)
  2 mummies (Ossuary)
  Robin (D:3)
  12 gnolls
  A howler monkey skeleton (D:7)
  11 adders
  10 river rats (Lair:2)
  A shadow imp (D:13)
  8 adder zombies (Ossuary)
  An adder skeleton (D:5)
  A worm (D:5)
  3 dart slugs
  3 leopard geckos
  106 orcs
  2 ball pythons
  3 giant cockroaches
  4 gnoll zombies (Ossuary)
  14 goblins
  8 hobgoblins
  6 jackals
  7 kobolds
  13 quokkas
  5 frilled lizards
  A giant cockroach zombie (D:5)
  5 hobgoblin zombies (Ossuary)
  4 kobold zombies (Ossuary)
  7 orc zombies (Ossuary)
  2 quokka skeletons
  22 rats
742 creatures vanquished.

Vanquished Creatures (others)
  A vampire mosquito (Swamp:1)
  A worker ant (D:4)
  A bush (D:13)
  2 plants
5 creatures vanquished.

Grand Total: 747 creatures vanquished

Notes
Turn   | Place    | Note
-------+----------+-------------------------------------------
     0 | D:1      | inc the Felid Monk began the quest for the Orb.
     0 | D:1      | Reached XP level 1. HP: 10/10 MP: 2/2
   543 | D:1      | Reached XP level 2. HP: 9/14 MP: 3/3
   719 | D:1      | Reached skill level 4 in Unarmed Combat
  1006 | D:1      | Found a snail-covered altar of Cheibriados.
  1159 | D:2      | Reached XP level 3. HP: 17/17 MP: 4/4
  1741 | D:2      | Found a faded altar of an unknown god.
  1917 | D:2      | Noticed Natasha
  1924 | D:2      | Killed Natasha
  1924 | D:2      | Reached skill level 5 in Unarmed Combat
  1924 | D:2      | Reached XP level 4. HP: 12/21 MP: 5/5
  2210 | D:3      | Found a white marble altar of Elyvilon.
  2376 | D:3      | Became a worshipper of Elyvilon the Healer
  2376 | D:3      | Reached * piety under Elyvilon
  2376 | D:3      | Reached ** piety under Elyvilon
  2750 | D:4      | Noticed an ogre
  2759 | D:4      | Reached skill level 1 in Invocations
  2994 | D:4      | Reached XP level 5. HP: 24/24 MP: 7/7
  3055 | D:4      | Noticed Robin
  3068 | D:4      | HP: 1/24 [goblin/dagger[Robin] (5)]
  3395 | D:4      | Killed an ogre
  3842 | D:3      | Killed Robin
  3842 | D:3      | Gained mutation: You are covered in thick fur. (AC +2) [Felid growth]
  3842 | D:3      | Reached XP level 6. HP: 25/28 MP: 10/10
  4097 | D:4      | Found a bloodstained altar of Trog.
  4266 | D:4      | Reached *** piety under Elyvilon
  4313 | D:5      | Entered Level 5 of the Dungeon
  4451 | D:5      | Reached skill level 5 in Invocations
  4875 | D:5      | Noticed a sky beast
  4894 | D:5      | Killed a sky beast
  4894 | D:5      | Reached skill level 5 in Dodging
  4894 | D:5      | Reached XP level 7. HP: 22/31 MP: 11/11
  4994 | D:5      | Noticed Eustachio
  5007 | D:5      | Killed Eustachio
  5113 | D:5      | Found a shadowy altar of Dithmenos.
  5118 | D:5      | Reached **** piety under Elyvilon
  5252 | D:5      | Noticed Edmund
  5332 | D:5      | Killed Edmund
  5596 | D:5      | Found a deep blue altar of Sif Muna.
  5967 | D:6      | Noticed letownia2's ghost (novice TeWz)
  5969 | D:6      | Found a sand-covered staircase.
  5974 | Ossuary  | Entered an ossuary
  6066 | Ossuary  | Reached XP level 8. HP: 34/34 MP: 12/12
  6267 | Ossuary  | Reached skill level 10 in Dodging
  6549 | D:6      | Found a hide-covered altar of Uskayaw.
  6573 | D:6      | Found an ancient bone altar of Kikubaaqudgha.
  6680 | D:6      | Noticed Blork the orc
  6687 | D:6      | Killed Blork the orc
  7031 | D:7      | Reached skill level 5 in Fighting
  7387 | D:7      | Found a stormy altar of Qazlal.
  7474 | D:7      | Found a staircase to the Ecumenical Temple.
  8073 | D:7      | Reached ***** piety under Elyvilon
  8112 | D:7      | Reached skill level 6 in Unarmed Combat
  8123 | D:7      | Reached XP level 9. HP: 41/41 MP: 11/13
  8230 | D:8      | Reached skill level 7 in Unarmed Combat
  8281 | D:8      | Noticed a two-headed ogre
  8291 | D:8      | Killed a two-headed ogre
  8291 | D:8      | Reached skill level 8 in Unarmed Combat
  8378 | D:8      | Reached skill level 9 in Unarmed Combat
  8711 | D:8      | Reached skill level 10 in Unarmed Combat
  8773 | D:8      | Found a staircase to the Lair.
  8905 | D:8      | Found a glowing silver altar of Zin.
  9326 | D:8      | Reached XP level 10. HP: 45/45 MP: 14/14
  9457 | D:9      | Found a basalt altar of Yredelemnul.
  9711 | D:9      | Found a deep blue altar of Sif Muna.
 10158 | D:9      | Noticed a two-headed ogre
 10173 | D:9      | Killed a two-headed ogre
 10173 | D:9      | Reached skill level 11 in Unarmed Combat
 10608 | D:9      | Found an iron altar of Okawaru.
 10865 | D:9      | Found a burning altar of Makhleb.
 10866 | D:9      | Found a radiant altar of Vehumet.
 10992 | D:10     | Entered Level 10 of the Dungeon
 11245 | D:10     | Reached skill level 12 in Unarmed Combat
 11299 | D:10     | Noticed a gargoyle
 11317 | D:10     | Killed a gargoyle
 11613 | D:10     | Reached skill level 13 in Unarmed Combat
 11687 | D:10     | Reached XP level 11. HP: 33/48 MP: 12/15
 12095 | D:11     | Noticed a six-headed hydra
 12137 | D:11     | Noticed an unseen horror
 12159 | D:11     | Killed an unseen horror
 12159 | D:11     | Reached skill level 14 in Unarmed Combat
 12216 | D:11     | Noticed Grum
 12231 | D:11     | Killed Grum
 12354 | D:11     | Found a labyrinth entrance.
 12363 | Lab      | Entered a labyrinth
 12822 | Lab      | Noticed a minotaur
 12836 | Lab      | Killed a minotaur
 12866 | Lab      | Got a clouded silver ring
 12873 | Lab      | Identified the ring of Discretion {Ice Str-2 Int+7 Dex+3 Slay+2} (You found it in a labyrinth)
 12879 | D:11     | Found a staircase to the Orcish Mines.
 13040 | Lair:1   | Entered Level 1 of the Lair of Beasts
 13425 | Lair:1   | Gained mutation: Your magical capacity is low. (-10% MP) [potion of mutation]
 13425 | Lair:1   | Gained mutation: You have a pair of small horns on your head. [potion of mutation]
 13425 | Lair:1   | Gained mutation: You have a pair of horns on your head. [potion of mutation]
 14315 | Lair:2   | Learned a level 2 spell: Blink
 14336 | Lair:2   | Found a stormy altar of Qazlal.
 14370 | Lair:2   | Noticed Anonimus's ghost (journeyman GnFi)
 14477 | Lair:3   | Reached skill level 1 in Translocations
 14584 | Lair:3   | Reached skill level 1 in Evocations
 15210 | Lair:2   | Found a staircase to the Swamp.
 15929 | Lair:2   | Noticed an orb spider
 15930 | Lair:2   | Found a hole to the Spider Nest.
 16632 | Lair:4   | Gained mutation: Your thick and shaggy fur keeps you warm. (AC +3, rC+) [Felid growth]
 16632 | Lair:4   | Reached XP level 12. HP: 41/52 MP: 12/15
 16755 | Lair:4   | Noticed Harold
 16770 | Lair:4   | Killed Harold
 16860 | Lair:4   | Noticed a four-headed hydra
 17065 | Lair:4   | Killed a four-headed hydra
 17954 | Lair:5   | Reached skill level 15 in Unarmed Combat
 17976 | Lair:5   | Noticed a four-headed hydra
 18021 | Lair:5   | Killed a four-headed hydra
 18124 | Lair:5   | Reached skill level 16 in Unarmed Combat
 18585 | Lair:6   | Entered Level 6 of the Lair of Beasts
 18585 | Lair:6   | Found a staircase to the Slime Pits.
 19060 | Lair:6   | Noticed a seven-headed hydra
 19325 | Lair:6   | Reached skill level 17 in Unarmed Combat
 19807 | Lair:6   | Noticed a death yak
 19808 | Lair:6   | Noticed a death yak
 19809 | Lair:6   | Noticed a death yak
 19809 | Lair:6   | Noticed a death yak
 19809 | Lair:6   | Noticed a death yak
 19816 | Lair:6   | Noticed a death yak
 20496 | D:11     | Reached XP level 13. HP: 46/55 MP: 18/18
 20506 | D:11     | Reached skill level 18 in Unarmed Combat
 20991 | Orc:1    | Entered Level 1 of the Orcish Mines
 21274 | Orc:1    | Noticed Maurice
 21280 | Orc:1    | Found Kusu Yli's Jewellery Boutique.
 21281 | Orc:1    | Killed Maurice
 21653 | Orc:2    | Entered Level 2 of the Orcish Mines
 21749 | Orc:2    | Noticed an orc warlord
 21815 | Orc:2    | Found a roughly hewn altar of Beogh.
 22009 | Orc:2    | Found Ajaif's Antique Weapon Emporium.
 22014 | Orc:2    | Found a roughly hewn altar of Beogh.
 22030 | Orc:2    | Killed an orc warlord
 22035 | Orc:2    | Found Cayt's Antique Armour Shoppe.
 22220 | Orc:2    | Found a roughly hewn altar of Beogh.
 22221 | Orc:2    | Found a staircase to the Elven Halls.
 22274 | Orc:2    | Found a burning altar of Makhleb.
 22374 | Orc:2    | HP: 1/58 [orc sorcerer/bolt of negative energy (31)]
 22399 | Orc:2    | Found a roughly hewn altar of Beogh.
 22405 | Orc:2    | Found Goanig Jaoq's Book Boutique.
 22499 | Orc:2    | Found a roughly hewn altar of Beogh.
 22794 | Orc:2    | Found a roughly hewn altar of Beogh.
 22985 | Orc:2    | Found a roughly hewn altar of Beogh.
 22986 | Orc:2    | Found Xeaki's Food Boutique.
 23150 | Orc:1    | Noticed an ettin
 23386 | Orc:2    | Killed an ettin
 23784 | Orc:1    | Found a shimmering altar of Xom.
 23817 | Orc:1    | Found a roughly hewn altar of Beogh.
 24476 | D:12     | Reached skill level 10 in Fighting
 25054 | D:13     | Found a blossoming altar of Fedhas.
 25173 | D:13     | Identified the Volume of Unholy Rituals and Dislocation
 25880 | D:13     | Reached XP level 14. HP: 60/66 MP: 19/19
 26274 | D:14     | Found a gate to the Vaults.
 26291 | D:14     | Reached skill level 5 in Stealth
 26577 | D:14     | Slain by a vault guard
 26578 | D:14     | Reached XP level 13. HP: 0/94 MP: 15/18
 26706 | D:14     | Noticed Rupert
 26727 | D:14     | Killed Rupert
 26727 | D:14     | Reached skill level 5 in Evocations
 27749 | D:14     | Found a runed door.
 27968 | D:14     | Lost mutation: Your magical capacity is low. (-10% MP) [potion of mutation]
 27968 | D:14     | Lost mutation: You have a pair of horns on your head. [potion of mutation]
 27968 | D:14     | Lost mutation: You have a pair of small horns on your head. [potion of mutation]
 27968 | D:14     | Gained mutation: Your mind is acute. (Int +2) [potion of mutation]
 27968 | D:14     | Gained mutation: You evolve. [potion of mutation]
 27989 | D:15     | Entered Level 15 of the Dungeon
 27997 | D:15     | Gained mutation: You tend to lose your temper in combat. [evolution]
 27997 | D:15     | Lost mutation: You evolve. [end of evolution]
 28041 | D:15     | Lost mutation: Your mind is acute. (Int +2) [potion of mutation]
 28041 | D:15     | Lost mutation: You tend to lose your temper in combat. [potion of mutation]
 28041 | D:15     | Gained mutation: You are clumsy. (Dex -2) [potion of mutation]
 28041 | D:15     | Gained mutation: You have an increased reservoir of magic. (+10% MP) [potion of mutation]
 28042 | D:15     | Lost mutation: You have an increased reservoir of magic. (+10% MP) [potion of mutation]
 28042 | D:15     | Lost mutation: You are clumsy. (Dex -2) [potion of mutation]
 28042 | D:15     | Gained mutation: You are frail. (-10% HP) [potion of mutation]
 28042 | D:15     | Lost mutation: You are frail. (-10% HP) [potion of mutation]
 28042 | D:15     | Gained mutation: Your mind is acute. (Int +2) [potion of mutation]
 28178 | D:15     | Noticed a fire giant
 28272 | D:15     | Noticed a fire dragon
 28586 | Orc:1    | Bought the ring "Quinleb" {Fire rPois Dex+2 Slay+3} for 954 gold pieces
 28716 | Swamp:1  | Entered Level 1 of the Swamp
 28732 | Swamp:1  | Reached skill level 5 in Translocations
 28884 | Swamp:1  | Reached XP level 14. HP: 39/69 MP: 21/21
 29461 | Swamp:1  | Learned a level 4 spell: Passage of Golubria
 29467 | Swamp:1  | Learned a level 5 spell: Summon Forest
 29526 | Swamp:1  | HP: 4/103 [alligator (5)]
 29529 | Swamp:1  | Elyvilon protects you from harm!
 29530 | Swamp:1  | Reached skill level 1 in Summonings
 29641 | Swamp:1  | Noticed letownia2's ghost (journeyman TeCj)
 30473 | Swamp:1  | Got a clouded turquoise ring
 30859 | Swamp:2  | Identified the ring of Wavimo Zont {rElec rPois rN+ Int+3 SInv} (You found it on level 1 of the Swamp)
 31248 | Swamp:2  | Reached skill level 5 in Summonings
 31619 | Swamp:2  | HP: 5/103 [hornet[a shambling mangrove] (16)]
 31620 | Swamp:2  | Mangled by a hornet
 31621 | Swamp:2  | Reached XP level 13. HP: -12/97 MP: 18/20
 32510 | Swamp:2  | Reached skill level 10 in Translocations
 33061 | Swamp:3  | Noticed Bai Suzhen
 33084 | Swamp:3  | Slain by a five-headed hydra

Skill      XL: |  1  2  3  4  5  6  7  8  9 10 11 12 13 14 |
---------------+-------------------------------------------+-----
Unarmed Combat | 4 5 6 10 13 14 17 18 | 18.9
Invocations    | 2 4 5 8 |  8.6
Dodging        | 5 9 10 12 | 12.5
Fighting       | 6 12 | 12.6
Translocations | 2 10 9 | 10.9
Evocations     | 2 5 4 |  5.8
Stealth        | 6 |  6.0
Summonings     | 6 5 |  6.6

Action                   |  1- 3 |  4- 6 |  7- 9 | 10-12 | 13-15 || total
-------------------------+-------+-------+-------+-------+-------++-------
Melee: Unarmed           |    74 |   180 |   450 |   775 |  1087 ||  2566
       Bite              |     4 |    24 |    51 |    82 |   103 ||   264
       Punch             |     2 |     6 |    15 |    51 |   102 ||   176
       Headbutt          |       |       |       |    69 |   148 ||   217
 Cast: Blink             |       |       |       |     1 |     3 ||     4
Invok: Lesser Healing    |       |     3 |       |     4 |       ||     7
       Heal Other        |       |     1 |       |     2 |       ||     3
       Greater Healing   |       |       |     3 |    24 |    27 ||    54
       Purification      |       |       |     1 |     5 |     4 ||    10
 Abil: Evoke Berserk Rag |       |       |    23 |    25 |    36 ||    84
  Use: Scroll            |       |     3 |       |    11 |    16 ||    30
       Potion            |       |     2 |     3 |     2 |     4 ||    11
 Stab: Sleeping          |     5 |     3 |     7 |    17 |    19 ||    51
       Invisible         |       |       |     5 |       |       ||     5
       Distracted        |       |       |       |     3 |     1 ||     4
       Confused          |       |       |       |       |     2 ||     2
  Eat: Chunk             |       |    10 |    35 |    55 |    49 ||   149
       Ration            |       |       |     1 |       |     6 ||     7
Armor: Skin              |     1 |     7 |    20 |    30 |    30 ||    88
Dodge: Dodged            |    39 |   152 |   385 |   644 |  1102 ||  2322
